 Dungeon Crawl Stone Soup version 0.19-a0-1057-g15bb84d (webtiles) character file.

429 aronpayne the Caller (level 6, -7/32 HPs)
             Began as a Deep Elf Summoner on Aug 1, 2016.
             Was an Initiate of Ru.
             Shot with an arrow by a centaur (10 damage)
             ... on level 5 of the Dungeon on Aug 2, 2016.
             The game lasted 00:38:55 (4648 turns).

aronpayne the Caller (Deep Elf Summoner)            Turns: 4648, Time: 00:38:56

Health: -7/32      AC:  6    Str:  6    XL:     6   Next: 66%
Magic:  16/16      EV: 14    Int: 21    God:    Ru [......]
Gold:   238        SH:  8    Dex: 15    Spells: 4 memorised, 7 levels left

rFire  x . .     SeeInvis .     h - +0 dagger
rCold  + . .     Gourm    .     v - +1 animal skin
rNeg   . . .     Faith    .     y - +0 buckler
rPois  .         Spirit   .     w - +2 helmet
rElec  .         Dismiss  .     (no cloak)
rCorr  .         Reflect  +     (no gloves)
SustAt .         Harm     .     (no boots)
MR     .....                    n - +5 amulet of reflection
Stlth  ++........               (no ring)
                                r - ring of ice

@: not resistant to hostile enchantments, unstealthy
A: wild magic 1
a: Sacrifice Resistance, Sacrifice Artifice, Sacrifice Health, Reject
Sacrifices, Renounce Religion


You were on level 5 of the Dungeon.
You worshipped Ru.
Ru was noncommittal.
You were not hungry.

You visited 1 branch of the dungeon, and saw 5 of its levels.

You collected 238 gold pieces.

Inventory:

Hand Weapons
 g - a +1 mace of holy wrath
 h - a +0 dagger (weapon)
Armour
 a - a +0 robe
 v - a +1 animal skin (worn)
 w - a +2 helmet (worn)
 y - a +0 buckler (worn)
Jewellery
 n - a +5 amulet of reflection (around neck)
 r - a ring of ice (left hand)
 u - a cursed amulet of inaccuracy {unknown}
Wands
 m - a wand of hasting (3/9)
 s - a wand of hasting (4/9)
Scrolls
 j - a scroll of identify
 B - a scroll of teleportation
Potions
 e - a potion of invisibility {unknown}
 f - a potion of berserk rage {unknown}
 k - a potion of degeneration {unknown}
 l - a potion of might {unknown}
 o - 2 potions of agility {unknown}
 p - a potion of heal wounds {unknown}
 q - a potion of brilliance {unknown}
 t - a potion of magic {unknown}
 x - a potion of lignification {unknown}
 z - a potion of flight {unknown}
 A - a potion of curing
Books
 b - a book of Callings

   Spells                             Type                      Level
   a - Summon Small Mammal            Summoning                    1
   b - Call Imp                       Summoning                    2
   c - Call Canine Familiar           Summoning                    3
   d - Summon Guardian Golem          Hexes/Summoning              3
   e - Summon Lightning Spire         Summoning/Air                4
   f - Summon Ice Beast               Ice/Summoning                4
Comestibles
 c - 3 bread rations
 d - a royal jelly
 i - a meat ration
 C - 3 mutagenic chunks of flesh


   Skills:
 - Level 0.1 Fighting
 + Level 4.5 Dodging
 + Level 2.8 Stealth
 + Level 5.8 Spellcasting
 + Level 2.3 Hexes
 + Level 6.1 Summonings
 + Level 1.0 Evocations


You had 7 spell levels left.
You knew the following spells:

 Your Spells              Type           Power        Failure   Level  Hunger
a - Summon Small Mammal   Summ           ####         2%          1    None
b - Call Imp              Summ           #####...     3%          2    None
c - Summon Guardian Gole  Hex/Summ       ####....     17%         3    ##.....
d - Call Canine Familiar  Summ           #####...     8%          3    ##.....


Dungeon Overview and Level Annotations

Branches:
Dungeon (5/15)
 Temple: D:4-7

Altars:
Dithmenos
Okawaru
Ru


Innate Abilities, Weirdness & Mutations

Your spells are a little harder to cast, but a little more powerful.


Message History

What are your orders? t - Shout!
Orders for allies: a - Attack new target. r - Retreat! s - Stop attacking. g - Guard the area. f - Follow me.
Anything else - Cancel.
Gang up on whom?
Press: ? - help, Dir - move target cursor, f - centaur
Aim: a centaur, wielding a shortbow Attack!
The centaur shoots an arrow.
The arrow closely misses you.
The centaur shoots an arrow.
The arrow hits you!
* * * LOW HITPOINT WARNING * * *
You swap places.
The centaur shoots an arrow.
The arrow misses you.
Your crimson imp blinks!
You see here 2 arrows.
The centaur shoots an arrow.
The arrow hits your wolf.
The centaur shoots an arrow.
The arrow closely misses your crimson imp.
The arrow barely misses your wolf. The arrow hits you!
You die...

#..
#....###....#
c.
###...#.....#
#5#
#.....55.##
h. #....##.##
#># ####..5.#
#). #<####
#.## #.#
#.ยง# #5#
##@# #5#
#5#######.###
#...5...#...#
#######.###.#
#5# #.# #5#
#.# #######.#
#.# #.555.#.#
#.# #5###h#.#
#.#


You could see a centaur, a friendly wolf and 2 friendly crimson imps.

Vanquished Creatures
  An adder (D:3)
  2 bats
  A goblin (D:1)
  A hobgoblin (D:1)
  A jackal (D:1)
  A rat (D:1)
7 creatures vanquished.

Vanquished Creatures (collateral kills)
  A sky beast (D:5)
  2 ogres
  A phantom (D:4)
  A crimson imp (D:4)
  An orc wizard (D:3)
  2 orc priests (D:3)
  A centaur skeleton (D:5)
  2 iguanas (D:4)
  A worker ant (D:4)
  Robin (D:4)
  4 gnolls (D:3)
  3 adders
  2 oozes
  An adder skeleton (D:4)
  4 worms
  A dart slug (D:3)
  4 giant geckos
  15 orcs
  10 bats
  4 giant cockroaches
  18 goblins
  10 hobgoblins
  6 jackals
  5 kobolds
  A ball python (D:2)
  4 giant newts
  11 rats
116 creatures vanquished.

Grand Total: 123 creatures vanquished

Notes
Turn   | Place    | Note
-------+----------+-------------------------------------------
     0 | D:1      | aronpayne the Deep Elf Summoner began the quest for the Orb.
     0 | D:1      | Reached XP level 1. HP: 10/10 MP: 6/6
   441 | D:1      | Reached XP level 2. HP: 15/15 MP: 4/8
   512 | D:1      | Reached skill level 5 in Summonings
   521 | D:1      | Learned a level 2 spell: Call Imp
  1251 | D:2      | Reached XP level 3. HP: 6/19 MP: 4/9
  1606 | D:2      | Found a sacrificial altar of Ru.
  1614 | D:2      | Became a worshipper of Ru the Awakened
  1905 | D:2      | Found a sacrificial altar of Ru.
  1999 | D:3      | Found a shadowy altar of Dithmenos.
  2027 | D:3      | Learned a level 3 spell: Summon Guardian Golem
  2031 | D:3      | Learned a level 3 spell: Call Canine Familiar
  2121 | D:3      | Reached XP level 4. HP: 18/24 MP: 7/12
  2788 | D:3      | Reached XP level 5. HP: 9/28 MP: 2/14
  3012 | D:3      | Upgraded the game from 0.19-a0-1051-gdb7e7f8 to 0.19-a0-1057-g15bb84d
  3049 | D:3      | Reached skill level 5 in Spellcasting
  3326 | D:4      | Noticed a phantom
  3407 | D:4      | Killed a phantom
  3407 | D:4      | Reached skill level 1 in Hexes
  3573 | D:4      | Noticed Robin
  3587 | D:4      | Killed Robin
  3717 | D:4      | Noticed an ogre
  3732 | D:4      | Killed an ogre
  3732 | D:4      | Reached skill level 6 in Summonings
  3732 | D:4      | Reached XP level 6. HP: 20/32 MP: 12/16
  4437 | D:5      | Entered Level 5 of the Dungeon
  4511 | D:5      | Found an iron altar of Okawaru.
  4513 | D:5      | Noticed a sky beast
  4539 | D:5      | Killed a sky beast
  4555 | D:5      | Gained mutation: Your body sometimes deteriorates upon taking damage. [mutagenic meat]
  4555 | D:5      | Lost mutation: Your body sometimes deteriorates upon taking damage. [potion of cure mutation]
  4559 | D:5      | Gained mutation: Your spells are a little harder to cast, but a little more powerful. [mutagenic meat]
  4615 | D:5      | Reached skill level 1 in Evocations
  4648 | D:5      | Shot with an arrow by a centaur

Vault maps used:
D:1:      tarquinn_simple_flora_water_e, roderic_roman_lattice
D:2:      nicolae_ru_path_of_blood, kennysheep_flooded_box
D:3:      grunt_dithmenos_smoke_and_mirrors
D:4:      uniq_robin
D:5:      lightli_temple_of_fire, kennysheep_mini_moat,
          okawaru_ov_weapons_minmay, first_bread, serial_bayou_pond_e,
          uniq_blork_the_orc, uniq_edmund

Skill      XL: |  1  2  3  4  5  6 |
---------------+-------------------+-----
Summonings     | 5 6 |  6.1
Dodging        | 3 4 |  4.5
Spellcasting   | 4 5 |  5.8
Hexes          | 1 2 |  2.3
Evocations     | 1 |  1.0
Fighting       | |  0.1
Stealth        | |  2.8

Action                   |  1- 3 |  4- 6 || total
-------------------------+-------+-------++-------
Melee: Unarmed           |    18 |       ||    18
       Dagger            |    38 |    17 ||    55
 Cast: Summon Small Mamm |    15 |     3 ||    18
       Call Imp          |    23 |    22 ||    45
       Call Canine Famil |     1 |    18 ||    19
       Summon Guardian G |     1 |     6 ||     7
  Use: Potion            |     1 |     1 ||     2
       Scroll            |       |    11 ||    11
  Eat: Chunk             |     5 |    10 ||    15
Armor: Robe              |    26 |    11 ||    37
Dodge: Dodged            |    76 |    46 ||   122
Block: Buckler           |       |     1 ||     1
